 Dungeon Sprint DCSS version 0.21.0-3-g78d12a8bdd (webtiles) character file.

963 Quolop the Grappler (level 7, -7/78 HPs)
             Began as a Troll Monk on Jan 12, 2018.
             Was a Priest of Wu Jian.
             Mangled by a troll (16 damage)
             ... in the Dungeon (Sprint IX: "|||||||||||||||||||||||||||||").
             The game lasted 00:01:47 (352 turns).

Quolop the Grappler (Troll Monk)                     Turns: 352, Time: 00:01:48

Health: -7/78      AC:  5    Str: 22    XL:     7   Next: 92%
Magic:  6/6        EV: 13    Int:  6    God:    Wu Jian [***...]
Gold:   0          SH:  0    Dex: 12    Spells: 6/6 levels left

rFire    . . .     SeeInvis .     - Unarmed
rCold    . . .     Gourm    +   (no shield)
rNeg     . . .     Faith    .   a - +0 robe
rPois    .         Spirit   .   (helmet restricted)
rElec    .         Reflect  .   (no cloak)
rCorr    .         Harm     .   (gloves unavailable)
MR       .....     NoTele   +   (boots unavailable)
Stlth    ++........             (no amulet)
HPRegen  0.63/turn              (no ring)
MPRegen  0.10/turn              (no ring)

@: exhausted, invisible
A: large, unfitting armour, claws 3, fast metabolism 3, gourmand, regeneration
1, shaggy fur 1, tough skin 2
a: Wall Jump, Serpent's Lash, Renounce Religion


You were in the Dungeon.
You worshipped Wu Jian.
Wu Jian was most pleased with you.
You were very full.

You visited 1 branch

Inventory:

Armour
 a - a +0 robe (worn)
Jewellery
 n - a +3 ring of strength
 o - a +3 ring of intelligence
Wands
 m - a wand of acid (10)
Scrolls
 h - 2 scrolls of blinking
 k - 3 scrolls of remove curse
 l - 2 scrolls of amnesia
Potions
 c - 5 potions of curing
 d - 2 potions of heal wounds
 e - a potion of haste
 f - 4 potions of magic
 g - a potion of berserk rage
Comestibles
 b - 2 rations


   Skills:
 + Level 7.5 Fighting
 + Level 7.9 Dodging
 + Level 3.2 Stealth
 + Level 11.5 Unarmed Combat


You had 6 spell levels left.
You didn't know any spells.

Dungeon Overview and Level Annotations

Branches:
Dungeon (1/1)

Altars:
Cheibriados
Dithmenos
Elyvilon
Fedhas
Gozag
Hepliaklqana
Kikubaaqudgha
Makhleb
Nemelex Xobeh
Okawaru
Qazlal
Ru
Sif Muna
Trog
Uskayaw
Vehumet
Wu Jian
Xom
Yredelemnul
Zin
The Shining One
Beogh
Jiyva
Lugonu


Innate Abilities, Weirdness & Mutations

You are too large for most types of armour.
You have claws for hands.
Your metabolism is lightning-fast.
You like to eat raw meat.
Your natural rate of healing is unusually fast.
You are covered in fur. (AC +1)
You have very tough skin. (AC +2)


Message History

The troll claws you. The troll claws you!
Things that are here:
a longbow; 26 arrows You closely miss the troll.
The troll barely misses you. The troll closely misses you. The troll claws you!
You scratch the troll.
The troll is lightly wounded.
The troll bites you!
* * * LOW HITPOINT WARNING * * *
The troll claws you!
* * * LOW HITPOINT WARNING * * *
The troll claws you but does no damage.
You feel much better. The troll bites you!
* * * LOW HITPOINT WARNING * * *
The troll closely misses you. The troll claws you!
* * * LOW HITPOINT WARNING * * *
You fade into invisibility!
The centaur warrior wields a shortbow.
The centaur warrior shoots an arrow.
The arrow hits the troll!!
The troll bites you!
You die...

▓)▓
▓.▓
▓.▓
▓.▓
▓.▓
▓.▓
▓'▓
▓)▓
▓@▓
▓T▓
▓c▓
▓Z▓
▓a▓
▓+▓


You could see a centaur warrior, a troll, a worker ant and a jackal skeleton.

Vanquished Creatures
  A centaur warrior (D)
  A centaur (D)
  A crimson imp (D)
  A hound (D)
  A jelly (D)
  An orc wizard (D)
  An iguana (D)
  3 worker ants (D)
  A dart slug (D)
  2 leopard geckos (D)
  A giant cockroach (D)
  A jackal (D)
  A quokka (D)
  A frilled lizard (D)
  A goblin (D)
18 creatures vanquished.

Notes
Turn   | Place    | Note
-------+----------+-------------------------------------------
     0 | D        | Quolop the Troll Monk began the quest for the Orb.
     0 | D        | Reached XP level 1. HP: 22/22 MP: 0/0
    15 | D        | Reached XP level 2. HP: 29/31 MP: 1/1
   134 | D        | Noticed a crimson imp
   137 | D        | Reached skill level 4 in Unarmed Combat
   137 | D        | Reached XP level 3. HP: 36/39 MP: 2/2
   144 | D        | Reached skill level 5 in Unarmed Combat
   144 | D        | Reached XP level 4. HP: 48/48 MP: 3/3
   149 | D        | Reached skill level 6 in Unarmed Combat
   159 | D        | Found a roughly hewn altar of Beogh.
   159 | D        | Found a snail-covered altar of Cheibriados.
   159 | D        | Found a shadowy altar of Dithmenos.
   159 | D        | Found a white marble altar of Elyvilon.
   159 | D        | Found a blossoming altar of Fedhas.
   159 | D        | Found an opulent altar of Gozag.
   160 | D        | Found a hazy altar of Hepliaklqana.
   161 | D        | Found a viscous altar of Jiyva.
   162 | D        | Found an ancient bone altar of Kikubaaqudgha.
   163 | D        | Found a corrupted altar of Lugonu.
   164 | D        | Found a burning altar of Makhleb.
   165 | D        | Found a sparkling altar of Nemelex Xobeh.
   166 | D        | Found an iron altar of Okawaru.
   167 | D        | Found a stormy altar of Qazlal.
   168 | D        | Found a sacrificial altar of Ru.
   169 | D        | Found a deep blue altar of Sif Muna.
   170 | D        | Found a bloodstained altar of Trog.
   171 | D        | Found a hide-covered altar of Uskayaw.
   172 | D        | Found a radiant altar of Vehumet.
   173 | D        | Found an ornate altar of the Wu Jian Council.
   174 | D        | Found a shimmering altar of Xom.
   175 | D        | Found a basalt altar of Yredelemnul.
   176 | D        | Found a glowing silver altar of Zin.
   177 | D        | Found a glowing golden altar of the Shining One.
   183 | D        | Became a worshipper of the Wu Jian Council
   183 | D        | Reached * piety under Wu Jian
   183 | D        | Reached ** piety under Wu Jian
   205 | D        | Reached skill level 5 in Dodging
   207 | D        | Reached skill level 5 in Fighting
   207 | D        | Reached skill level 7 in Unarmed Combat
   207 | D        | Reached XP level 5. HP: 56/57 MP: 4/4
   214 | D        | Reached *** piety under Wu Jian
   231 | D        | Reached skill level 8 in Unarmed Combat
   343 | D        | Noticed a centaur
   343 | D        | Noticed a centaur warrior
   343 | D        | Noticed a troll
   343 | D        | Noticed a centaur warrior
   343 | D        | Killed a centaur
   343 | D        | Reached XP level 6. HP: 67/67 MP: 5/5
   347 | D        | Killed a centaur warrior
   347 | D        | Reached skill level 11 in Unarmed Combat
   347 | D        | Reached XP level 7. HP: 61/78 MP: 6/6
   352 | D        | Mangled by a troll

Skill      XL: |  1  2  3  4  5  6 |
---------------+-------------------+-----
Fighting       | 3 4 5 6 7 |  7.5
Dodging        | 3 4 5 6 7 |  7.9
Unarmed Combat | 4 5 7 8 11 | 11.5
Stealth        | 2 3 |  3.2

Action                   |  1- 3 |  4- 6 |  7- 9 || total
-------------------------+-------+-------+-------++-------
Melee: Unarmed           |    20 |    26 |     4 ||    50
       Punch             |       |     1 |     1 ||     2
Invok: Lunge             |       |     4 |     1 ||     5
       Serpent's Lash    |       |     1 |       ||     1
  Use: Potion            |       |       |     2 ||     2
 Stab: Sleeping          |       |     3 |       ||     3
  Eat: Chunk             |     6 |     1 |       ||     7
Armor: Robe              |     8 |     6 |     1 ||    15
Dodge: Dodged            |     3 |    13 |     4 ||    20
